 Dungeon Crawl Stone Soup version 0.29.1-4-g47bece8355 (webtiles) character file.

Game seed: 8811394344246682182

3805 NotreDorf the Thaumaturge (level 9, 0/74 HPs)
             Began as a Mummy Necromancer on Sept 15, 2022.
             Was an Initiate of Ashenzari.
             Slain by a two-headed ogre
             ... wielding a +0 giant club
              (10 damage)
             ... on level 8 of the Dungeon on Dec 3, 2022.
             The game lasted 00:57:40 (10294 turns).

NotreDorf the Thaumaturge (Mummy Necromancer)      Turns: 10294, Time: 00:57:41

Health: 0/74       AC: 19    Str: 12    XL:     9   Next: 96%
Magic:  10/23      EV: 14    Int: 18    God:    Ashenzari [......]
Gold:   403        SH:  0    Dex:  9    Spells: 18/28 levels left

rFire   . . .      SeeInvis .   f - +4 short sword (freeze)
rCold   + . .      Faith    .   (no shield)
rNeg    + + +      Spirit   .   i - +5 ring mail "Astrebo" {rElec rCorr Dex-3}
rPois   ∞          Reflect  .   o - +2 helmet
rElec   +          Harm     .   j - +2 cloak {Will+}
rCorr   +          Rampage  .   (no gloves)
Will    ++...                   g - +2 pair of boots "Eternal Seer" {Evo, Cun} (curse)
Stlth   +.........              (no amulet)
HPRegen 0.22/turn               p - +4 ring of evasion
MPRegen 0.18/turn               n - ring of protection from fire

@: no status effects
A: cold resistance 1, negative energy resistance 3, torment resistance 2, heat
vulnerability 1, in touch with death 1, no potions
a: Renounce Religion, Shatter the Chains


You were on level 8 of the Dungeon.
You worshipped Ashenzari.
Ashenzari was noncommittal.
You visited 2 branches of the dungeon, and saw 9 of its levels.

You collected 468 gold pieces.
You spent 65 gold pieces at shops.

Inventory:

Hand Weapons
 f - a +4 short sword of freezing (weapon)
 q - a +2 short sword of speed
Missiles
 l - 3 throwing nets
 m - 21 poisoned darts
Armour
 g - the cursed +2 pair of boots "Eternal Seer" (worn) {Evo, Cun}
   (You found it on level 2 of the Dungeon)

   It has a curse which improves the following skills: Evocations: Evocations.
   Cunning:   Dodging and Stealth.
 i - the +5 ring mail "Astrebo" (worn) {rElec rCorr Dex-3}
   (You found it on level 4 of the Dungeon)

   Dex:       It affects your dexterity (-3).
   rElec:     It insulates you from electricity.
   rCorr:     It protects you from acid and corrosion.
 j - a +2 cloak of willpower (worn)
 o - a +2 helmet (worn)
Jewellery
 n - a ring of protection from fire (right hand)
 p - a +4 ring of evasion (left hand)
Wands
 r - a wand of flame (41)
Scrolls
 b - 4 scrolls of fog
 d - 7 scrolls of teleportation
 h - 2 scrolls of blinking
 k - 5 scrolls of identify
 s - 2 scrolls of poison
Miscellaneous
 c - a piece from Xom's chessboard (15/15)


   Skills:
 + Level 8.2 Fighting
 - Level 1.5(1.9) Dodging
 - Level 1.5(1.9) Stealth
 + Level 10.2 Spellcasting
 + Level 9.2 Necromancy


You had 18 spell levels left.
You knew the following spells:

 Your Spells              Type           Power      Damage    Failure   Level
a - Necrotise             Necr           100%       1d9       1%          1
b - Vampiric Draining     Necr           59%        2d10      1%          3
c - Summon Small Mammal   Summ           36%        N/A       19%         1
d - Agony                 Necr           59%        N/A       11%         5

Your spell library contained the following spells:

 Spells                   Type           Power      Damage    Failure   Level
 Animate Dead             Necr           59%        N/A       3%          4
 Ensorcelled Hibernation  Hex/Ice        18%        N/A       26%         2
 Anguish                  Hex/Necr       19%        N/A       26%         4
 Call Canine Familiar     Summ           9%         N/A       47%         3
 Summon Guardian Golem    Hex/Summ       9%         N/A       47%         3
 Spider Form              Tmut/Pois      Unusable   N/A       N/A         3

Dungeon Overview and Level Annotations

Branches:
Dungeon (8/15)             Temple (1/1) D:6
   Lair: D:8-11

Altars:
Ashenzari
Cheibriados
Dithmenos
Fedhas
Gozag
Hepliaklqana
Makhleb
Nemelex Xobeh
Okawaru
Ru
Trog
Uskayaw
Wu Jian
Xom

Shops:
D:2 ?   D:3 *   D:4 =

Annotations:
D:3 2 transporters, Iusername's ghost, amateur MiFi
D:6 2 runed translucent doors, Persephone's ghost, novice MiFi
D:7 3 runed translucent doors, hawla's ghost, novice DrCj
D:8 Erica


Innate Abilities, Weirdness & Mutations

You are immune to poison.
Your flesh is cold resistant. (rC+)
You are immune to negative energy. (rN+++)
You are immune to unholy pain and torment.
You are vulnerable to heat. (rF-)
You are in touch with the powers of death.
You do not drink.


Message History

Aiming: Agony (dangerous; 11% risk of failure)
Press: ? - help, Shift-Dir - straight line, f/p - two-headed ogre
Aim: a two-headed ogre, wielding two +0 giant clubs (heavily wounded, chance to affect: 96%)
You feel a surge of power!
The two-headed ogre convulses!
The two-headed ogre barely misses you.
The two-headed ogre hits you with a +0 giant club.
Casting: Agony (dangerous; 11% risk of failure)
Confirm with . or Enter, or press ? or * to list all spells.
Aiming: Necrotise (safe; 1% risk of failure)
Press: ? - help, Shift-Dir - straight line, f/p - two-headed ogre
Aim: a two-headed ogre, wielding two +0 giant clubs (severely wounded, chance to affect: 70%)
You feel a surge of power!
The two-headed ogre writhes in agony!
The two-headed ogre hits you with a +0 giant club.
The two-headed ogre hits you with a +0 giant club!!
Casting: Necrotise (safe; 1% risk of failure)
Confirm with . or Enter, or press ? or * to list all spells.
Aiming: Necrotise (safe; 1% risk of failure)
Press: ? - help, Shift-Dir - straight line, f/p - two-headed ogre
Aim: a two-headed ogre, wielding two +0 giant clubs (almost dead, chance to affect: 70%)
You feel a surge of power!
The two-headed ogre writhes in agony.
Casting: Necrotise (safe; 1% risk of failure)
Confirm with . or Enter, or press ? or * to list all spells.
Aiming: Necrotise (safe; 1% risk of failure)
Press: ? - help, Shift-Dir - straight line, f/p - two-headed ogre
Aim: a two-headed ogre, wielding two +0 giant clubs (almost dead, chance to affect: 70%)
You feel a surge of power!
The two-headed ogre struggles to resist.
The two-headed ogre hits you with a +0 giant club!!
* * * LOW HITPOINT WARNING * * *
The two-headed ogre hits you with a +0 giant club.
* * * LOW HITPOINT WARNING * * *
Casting: Necrotise (safe; 1% risk of failure)
Confirm with . or Enter, or press ? or * to list all spells.
Aiming: Necrotise (safe; 1% risk of failure)
Press: ? - help, Shift-Dir - straight line, f/p - two-headed ogre
Aim: a two-headed ogre, wielding two +0 giant clubs (almost dead, chance to affect: 70%)
You feel a surge of power!
The two-headed ogre writhes in agony.
The two-headed ogre barely misses you.
The two-headed ogre hits you with a +0 giant club!
You die...

#... #########
###...#######.......#
###..............).##.#
...=................#.
##.......## ###.# #..#
.....# #.###...# #.##
#..###.....#.###..#
#.O....#####....D#.
##.@......# ###.##.#
............#.####...###
............#...........
.#####.......#####.<.###
####......# ##.##
#..>...####.#
#$..>.......#
##.....###### #.....#


You could see a two-headed ogre.

Vanquished Creatures
  Joseph (D:7)
  A steam dragon (D:6)
  An ice beast (D:5)
  4 sky beasts
  2 orc warriors
  5 ogres
  A phantom (D:5)
  A centaur (D:6)
  A kobold brigand (D:7)
  Blork the orc (D:5)
  2 bullfrogs
  2 necrophages (D:4)
  A scorpion (D:5)
  4 wights
  6 howler monkeys
  A jelly (D:6)
  8 orc priests
  5 hounds
  3 gnoll boudas
  4 orc wizards (D:5)
  32 gnolls
  4 adders
  4 white imps
  2 ufetubi
  4 worms
  A dart slug (D:2)
  29 orcs
  7 ball pythons
  5 bats
  5 endoplasms
  2 giant cockroaches
  6 goblins
  5 hobgoblins
  24 jackals
  11 kobolds
  2 quokkas
  5 frilled lizards
  A quokka zombie (D:2)
  2 rats
205 creatures vanquished.

Vanquished Creatures (collateral kills)
  A wight (D:7)
  An orc priest (D:4)
  4 gnolls
  A shadow imp (D:6)
  2 orcs (D:4)
  A bat (D:1)
  A giant cockroach (D:2)
  A goblin (D:4)
  A hobgoblin (D:2)
  A kobold (D:7)
14 creatures vanquished.

Vanquished Creatures (others)
  An orc wizard (D:7)
  3 plants (D:4)
4 creatures vanquished.

Grand Total: 223 creatures vanquished

Notes
Turn   | Place    | Note
-------+----------+-------------------------------------------
     0 | D:1      | NotreDorf the Mummy Necromancer began the quest for the
                  | Orb.
     0 | D:1      | Reached XP level 1. HP: 13/13 MP: 4/4
    34 | D:1      | Found a faded altar of an unknown god.
   254 | D:1      | Reached skill level 3 in Spellcasting
   254 | D:1      | Reached XP level 2. HP: 17/20 MP: 3/6
   464 | D:1      | Reached skill level 1 in Fighting
  1098 | D:2      | Found Bathuine's Magic Scroll Shoppe.
  1103 | D:2      | Bought a scroll of noise for 11 gold pieces
  1263 | D:2      | Gained mutation: You are in touch with the powers of death.
                  | [Mummy growth]
  1263 | D:2      | Reached XP level 3. HP: 13/26 MP: 3/7
  2024 | D:2      | Learned a level 3 spell: Vampiric Draining
  2026 | D:2      | Learned a level 1 spell: Summon Small Mammal
  2107 | D:3      | Reached skill level 4 in Spellcasting
  2107 | D:3      | Reached XP level 4. HP: 30/33 MP: 1/10
  2120 | D:3      | Found a shimmering altar of Xom.
  2331 | D:3      | Found Wigu's Assorted Antiques.
  2339 | D:3      | Bought a scroll labelled MIFOME LUBRA for 27 gold pieces
  2339 | D:3      | Bought a scroll labelled LARREA QOSIFU for 27 gold pieces
  2378 | D:3      | Found an ornate altar of the Wu Jian Council.
  2433 | D:3      | Reached XP level 5. HP: 39/39 MP: 9/11
  2618 | D:3      | Found a transporter.
  2633 | D:3      | Noticed Iusername's ghost (amateur MiFi)
  2636 | D:3      | Found a transporter.
  2829 | D:4      | Found Juinuloj's Jewellery Emporium.
  2949 | D:4      | Identified the +5 ring mail "Astrebo" {rElec rCorr Dex-3}
  2997 | D:4      | Reached skill level 5 in Necromancy
  3219 | D:4      | Noticed an ogre
  3227 | D:4      | Killed an ogre
  3228 | D:4      | Reached skill level 5 in Spellcasting
  3228 | D:4      | Reached XP level 6. HP: 46/47 MP: 5/13
  3482 | D:4      | Reached XP level 7. HP: 32/54 MP: 1/15
  3831 | D:4      | Reached skill level 6 in Spellcasting
  4437 | D:4      | Reached skill level 5 in Fighting
  4938 | D:5      | Entered Level 5 of the Dungeon
  4948 | D:5      | Reached skill level 7 in Spellcasting
  4948 | D:5      | Reached XP level 8. HP: 57/62 MP: 12/18
  4977 | D:4      | Learned a level 5 spell: Agony
  4978 | D:5      | Noticed Blork the orc
  4989 | D:5      | Killed Blork the orc
  5616 | D:5      | Reached skill level 8 in Spellcasting
  5801 | D:5      | Found a broken altar of Ashenzari.
  6136 | D:5      | Found a shadowy altar of Dithmenos.
  6540 | D:6      | Found a staircase to the Ecumenical Temple.
  6544 | D:6      | Reached XP level 9. HP: 71/71 MP: 18/21
  6584 | D:6      | HP: 3/71 [steam dragon] (1)]
  6923 | Temple   | Entered the Ecumenical Temple
  7190 | D:5      | Became a worshipper of Ashenzari the Shackled
  7442 | D:6      | Reached skill level 9 in Spellcasting
  7694 | D:6      | Found a large runed translucent door.
  7694 | D:6      | Found a large runed translucent door.
  7698 | D:6      | Noticed Persephone's ghost (novice MiFi)
  8049 | D:7      | Noticed Joseph
  8354 | D:7      | HP: 3/72 [Joseph/+0 quarterstaff of draining (3)]
  8869 | D:6      | Upgraded the game from 0.29.1-1-gd02db6906a to
                  | 0.29.1-4-g47bece8355
  9000 | D:7      | Found a runed translucent gate.
  9000 | D:7      | Found a runed translucent gate.
  9000 | D:7      | Found a runed translucent gate.
  9001 | D:7      | Noticed hawla's ghost (novice DrCj)
  9433 | D:6      | Reached skill level 10 in Spellcasting
  9796 | D:7      | Killed Joseph
  9945 | D:7      | Identified the +2 scale mail of the Brewing Gods {rC- Will-
                  | Dex+9}
 10198 | D:8      | Identified the +1 robe "Hicin Wex" {rElec Int+5}
 10218 | D:8      | Noticed a two-headed ogre
 10226 | D:8      | Noticed Erica
 10294 | D:8      | Slain by a two-headed ogre

Illustrated notes

Levels and vault maps discovered:
D:1:      dpeg_arrival_simpleton_a, layout_loops_ring, basic_ecumenical_altar,
          nrook_uturn, minmay_domino_2
D:2:      layout_basic, serial_shops, shop, serial_undead, serial_undead_a,
          serial_undead_d, serial_undead_b, serial_undead_b
D:3:      layout_basic, xom_butterflies, mainiacjoe_overflow_paths,
          gammafunk_ghost_arena, serial_shops, nicolae_diamond_shop
D:4:      lemuel_castle_with_subvaults [lemuel_castle_interior_carwin_2],
          layout_basic, minmay_shop_enchanted_jewellery
D:5:      layout_loops_ring, kennysheep_mini, grunt_dithmenos_shadows,
          uniq_blork_the_orc
D:6:      layout_loops_ring, minmay_temple_entry_mini_moons,
          ebering_ghost_disaster_area, minmay_joined_circles
D:7:      layout_cave_pools, serial_column_ruins, column_ruins_pillar_2,
          column_ruins_pillar_3, column_ruins_pillar_1, column_ruins_pillar_2,
          column_ruins_pillar_1, column_ruins_pillar_5, column_ruins_pillar_5,
          column_ruins_pillar_5, column_ruins_pillar_1, column_ruins_pillar_6,
          column_ruins_pillar_4, column_ruins_pillar_6, column_ruins_pillar_3,
          column_ruins_pillar_1, column_ruins_pillar_9, column_ruins_pillar_1,
          column_ruins_pillar_6, column_ruins_pillar_1, column_ruins_pillar_7,
          ebering_ghost_rock_garden, uniq_joseph
D:8:      layout_loops_ring, uniq_psyche, uniq_erica
Temple:   hellmonk_temple_forest_ring

Skill      XL: |  1  2  3  4  5  6  7  8  9 |
---------------+----------------------------+-----
Spellcasting   | 3 4 5 7 8 10 | 10.2
Fighting       | 1 2 3 4 5 6 8 |  8.2
Necromancy     | 5 6 7 9 |  9.2
Dodging        | |  1.5
Stealth        | |  1.5

Action                   |  1- 3 |  4- 6 |  7- 9 || total
-------------------------+-------+-------+-------++-------
Melee: Unarmed           |     7 |       |       ||     7
       Spear             |     2 |       |       ||     2
       Short sword       |    17 |    54 |   357 ||   428
       Punch             |       |       |     4 ||     4
 Cast: Necrotise         |    70 |    65 |   338 ||   473
       Agony             |       |       |     2 ||     2
Invok: Curse Item        |       |       |     1 ||     1
  Use: Scroll            |       |     9 |     3 ||    12
 Stab: Distracted        |       |       |     1 ||     1
Armor: Robe              |    17 |     3 |       ||    20
       Ring mail         |       |    31 |   261 ||   292
Dodge: Dodged            |    23 |    83 |   466 ||   572
